 Dungeon Crawl Stone Soup version 0.22.1-1-ga44c0e5 (webtiles) character file.

25 aMcNicky the Cudgeler (level 3, -1/32 HPs)
             Began as a Naga Warper on Oct 3, 2018.
             Slain by a worker ant (3 damage)
             ... on level 2 of the Dungeon.
             The game lasted 00:03:18 (1932 turns).

aMcNicky the Cudgeler (Naga Warper)                 Turns: 1932, Time: 00:03:19

Health: -1/32      AC:  2    Str: 14    XL:     3   Next: 4%
Magic:  6/6        EV:  9    Int: 13    God:
Gold:   60         SH:  0    Dex: 10    Spells: 6/6 levels left

rFire    . . .     SeeInvis +   a - +0 mace
rCold    . . .     Gourm    .   (no shield)
rNeg     . . .     Faith    .   b - +0 leather armour
rPois    +         Spirit   .   (no helmet)
rElec    .         Reflect  .   (no cloak)
rCorr    .         Harm     .   (no gloves)
MR       .....                  (no barding)
Stlth    +.........             (no amulet)
HPRegen  0.10/turn              (no ring)
MPRegen  0.10/turn              (no ring)

@: very slow
A: large, see invisible, deformed body, poison resistance, slowness 2, slow
metabolism 1, spit poison 1, AC +1
a: Spit Poison


You were on level 2 of the Dungeon.
You were hungry.

You visited 1 branch of the dungeon, and saw 2 of its levels.

You collected 60 gold pieces.

Inventory:

Hand Weapons
 a - a +0 mace (weapon)
Missiles
 e - a tomahawk of dispersal
 i - 26 stones (quivered)
Armour
 b - a +0 leather armour (worn)
Scrolls
 c - 4 scrolls of identify {unknown}
 d - a scroll of blinking
 g - a scroll of magic mapping {unknown}
 h - a scroll of teleportation {unknown}
 l - a scroll of enchant weapon {unknown}
Potions
 j - a potion of ambrosia {unknown}
 k - a potion of lignification {unknown}
 m - a potion of heal wounds {unknown}
 n - a potion of resistance {unknown}
Comestibles
 f - 3 rations


   Skills:
 - Level 2.0 Fighting
 + Level 3.4 Maces & Flails
 - Level 0.8 Throwing
 - Level 0.7 Armour
 - Level 1.5 Dodging
 - Level 2.0 Spellcasting
   Level 3.0 Translocations


You had 6 spell levels left.
You didn't know any spells.
Your spell library contained the following spells:

 Spells                   Type           Power        Failure   Level  Hunger
 Blink                    Tloc           N/A          14%         2    ###....
 Shroud of Golubria       Chrm/Tloc      #.........   26%         2    ###....
 Gell's Gravitas          Tloc           #.........   28%         3    ####...
 Lesser Beckoning         Tloc           #.........   28%         3    ####...
 Teleport Other           Tloc           #.......     28%         3    ####...
 Passage of Golubria      Tloc           N/A          67%         4    #####..


Dungeon Overview and Level Annotations

Branches:
Dungeon (2/15)

Altars:


Innate Abilities, Weirdness & Mutations

You cannot wear boots.
Your serpentine skin is tough. (AC +1)
You have supernaturally acute eyesight. (SInv)
Armour fits poorly on your strangely shaped body.
Your system is resistant to poisons. (rPois)
You cover ground very slowly.
You have a slow metabolism.
You can spit poison.


Message History

Throwing (i - inventory. (/) - cycle)
i - 29 stones (quivered)
Press: ? - help, Shift-Dir - straight line, f/p - worker ant
Aim: a worker ant (almost dead)
You throw a stone. The stone barely misses the worker ant.
Throwing (i - inventory. (/) - cycle)
i - 28 stones (quivered)
Press: ? - help, Shift-Dir - straight line, f/p - worker ant
Aim: a worker ant (almost dead)
You throw a stone.
The stone closely misses the worker ant.
Throwing (i - inventory. (/) - cycle)
i - 27 stones (quivered)
Press: ? - help, Shift-Dir - straight line, f/p - worker ant
Aim: a worker ant (almost dead)
You throw a stone. The stone barely misses the worker ant.
You are too injured to fight recklessly!
You closely miss the worker ant.
The worker ant is almost dead.
The worker ant bites you.
* * * LOW HITPOINT WARNING * * *
The worker ant bites you.
You die...

#####.# #. #####.....# .
#.....#### #.
#..####...## ##. ##.#
##.....# #.. #..#
#....... #######.####.#
#.......
.............####.......
#.@...............#
.......a#########.......
######.(# #....... #.#.
#.....>. .. . #......#
..# .. #..#...## ..# .#
..####### #.(###.. ## ..
..#... ...#


You could see a worker ant.

Vanquished Creatures
  2 dart slugs (D:1)
  A leopard gecko (D:1)
  3 bats (D:1)
  5 goblins (D:1)
  2 hobgoblins
  3 kobolds (D:1)
  2 rats
18 creatures vanquished.

Notes
Turn   | Place    | Note
-------+----------+-------------------------------------------
     0 | D:1      | aMcNicky the Naga Warper began the quest for the Orb.
     0 | D:1      | Reached XP level 1. HP: 19/19 MP: 3/3
   419 | D:1      | Reached XP level 2. HP: 26/26 MP: 5/5
  1836 | D:2      | Reached XP level 3. HP: 32/32 MP: 6/6
  1932 | D:2      | Slain by a worker ant

Skill      XL: |  1  2 |
---------------+-------+-----
Maces & Flails | 3 |  3.4
Fighting       | |  2.0
Throwing       | |  0.8
Armour         | |  0.7
Dodging        | |  1.5
Spellcasting   | |  2.0
Translocations | |  3.0

Action                   || total
-------------------------++-------
Melee: Mace              ||    74
Throw: Tomahawk          ||     4
       Stone             ||     4
  Eat: Chunk             ||     1
Armor: Leather armour    ||    18
Dodge: Dodged            ||    36
